 Dungeon Crawl Stone Soup version 0.18.1-1-g2f07953 (webtiles) character file.

64213 shmeve the Severer (level 14, 0/205 HPs)
             Began as a Minotaur Berserker on May 6, 2016.
             Was a High Priest of Trog.
             Slain by an orc warrior
             ... wielding a +0 trident
             ... led by an orc high priest
              (2 damage)
             ... on level 2 of the Orcish Mines.
             The game lasted 01:10:18 (22753 turns).

shmeve the Severer (Minotaur Berserker)            Turns: 22753, Time: 01:10:19

Health: 0/205      AC: 22    Str: 31    XL:     14   Next: 70%
Magic:  13/13      EV: 12    Int:  5    God:    Trog [*****.]
Gold:   1373       SH:  0    Dex: 10    Spells: 0 memorised, 13 levels left

rFire  . . .     SeeInvis +     I - +2 executioner's axe (distort)
rCold  . . .     Gourm    +     U - +0 plate armour {MR+}
rNeg   . . .     Faith    .     (shield currently unavailable)
rPois  +         Spirit   .     (helmet restricted)
rElec  .         Dismiss  .     v - +0 cloak
rCorr  .         Reflect  .     B - +0 pair of gloves
SustAt .         Harm     .     l - +2 pair of boots
MR     ++...                    A - amulet of the gourmand
Stlth  ..........               g - ring of see invisible
                                d - ring of poison resistance

@: berserking, very quick, very resistant to hostile enchantments, extremely
unstealthy
A: retaliatory headbutt, horns 2
a: Berserk, Trog's Hand, Brothers in Arms, Burn Spellbooks, Renounce Religion


You were on level 2 of the Orcish Mines.
You worshipped Trog.
Trog was extremely pleased with you.
You were very full.

You visited 3 branches of the dungeon, and saw 20 of its levels.
You also visited: Labyrinth, Sewer and Ossuary.

You collected 1373 gold pieces.

Inventory:

Hand Weapons
 I - a +2 executioner's axe of distortion (weapon)
 J - a +6 antimagic war axe
Missiles
 i - 11 javelins (quivered)
Armour
 l - a +2 pair of boots (worn)
 v - a +0 cloak (worn)
 B - a +0 pair of gloves (worn)
 U - a +0 plate armour of magic resistance (worn)
Jewellery
 d - a ring of poison resistance (left hand)
 g - a ring of see invisible (right hand)
 h - an uncursed ring of sustain attributes
 j - an uncursed ring of protection from cold
 A - an amulet of the gourmand (around neck)
 M - an uncursed ring of protection from fire
Scrolls
 b - 4 scrolls of teleportation
 o - 2 scrolls of enchant weapon
 p - 3 scrolls of fog
 t - 11 scrolls of remove curse
 u - 2 scrolls of enchant armour
 w - 4 scrolls of magic mapping
 y - 3 scrolls of fear
 z - 2 scrolls of identify
 D - a scroll of recharging
Potions
 e - a potion of haste
 f - 18 potions of curing
 k - 2 potions of cancellation
 m - 2 potions of might
 r - a potion of ambrosia
 s - 5 potions of flight
 x - a potion of heal wounds
 C - 6 potions of brilliance
 G - a potion of invisibility
Comestibles
 a - 8 beef jerkies
 c - 20 bread rations
 n - 9 meat rations
 F - 21 fruits
 L - a slice of pizza
 O - 9 royal jellies


   Skills:
 * Level 16.2 Fighting
 * Level 16.3 Axes
 + Level 10.3 Throwing
 + Level 12.0 Armour
 + Level 11.2 Dodging


You had 13 spell levels left.
You didn't know any spells.

Dungeon Overview and Level Annotations

Branches:
Dungeon (10/15)            Temple (0/1) D:5            Lair (8/8) D:10
  Swamp (0/4) Lair:3       Spider (0/4) Lair:5        Slime (0/6) Lair:7
    Orc (2/2) D:9             Elf (0/3) Orc:2

Altars:
Ashenzari
Dithmenos
Fedhas
Kikubaaqudgha
Makhleb
Okawaru
Qazlal
Vehumet
Xom
Zin

Shops:
D:7 [   Orc:1 :   Orc:2 :


Innate Abilities, Weirdness & Mutations

You reflexively headbutt those who attack you in melee.
You have a pair of horns on your head.


Message History

You closely miss the orc warrior. You hit the warg.
Space warps horribly around the warg!
You kill the warg!
Trog accepts your kill.
The orc knight hits you with a long sword!
* * * LOW HITPOINT WARNING * * *
The orc high priest utters an invocation to Beogh.
The orc warrior hits you but does no damage.
A warg comes into view.
The warg howls!
You slice the orc knight!!
You kill the orc knight!
Trog accepts your kill.
You closely miss the orc warrior.
The neqoxec disappears in a puff of smoke!
The orc warrior barely misses you.
The orc wizard mumbles some strange words.
The orc wizard blinks!
The orc warrior hits you from afar with a trident.
You die...

.....#..
P...##.................#
........................
.......#$..........4§..#
..................o..o.#
................o.#4....
............o...o§.C....
...P............oo.o..h.
...............)@o..o...
........)......§§o......
.....(.........§§§>.....
.....#..................
#...............<.......
....#..................#
#.......................
##.##........#..........
###......#..##........


You could see an orc high priest, a cyclops, a hellwing, a rust devil, a warg, 2
orc warriors, an orc priest, an orc wizard and 6 orcs.

Vanquished Creatures
  Nessos (Lair:5)
  A dire elephant (Lair:8)
  A minotaur (Lab)
  Erolcha (D:9)
  The ghost of SillyWilly the Covert, a journeyman DsAs of Dithmenos (Orc:2)
  8 hydras
  A queen ant (Lair:2)
  An orc high priest (Orc:2)
  2 death yaks (Lair:4)
  Sonja (Lair:2)
  A wizard (Lair:8)
  A swamp dragon (Lair:3)
  The ghost of shinino the Basher, a novice GrFi of Fedhas (D:10)
  An orc knight (Orc:2)
  2 cyclopes (Orc:2)
  A wolf spider (Lair:5)
  2 griffons
  4 black mambas
  11 elephants
  A torpor snail (Lair:4)
  15 spiny frogs
  3 rime drakes
  9 komodo dragons
  An ice devil (Lair:8)
  3 orange demons (Lair:8)
  2 trolls
  A queen bee (Lair:2)
  2 polar bears (Lair:6)
  25 blink frogs
  2 shadows (Lab)
  46 yaks
  Sigmund (D:6)
  17 hippogriffs
  3 hungry ghosts
  3 basilisks
  A warg (Orc:2)
  15 water moccasins
  A hell hound (Lair:8)
  9 soldier ants (Lair:2)
  14 porcupines
  A swamp drake (D:9)
  An ice beast (D:10)
  10 orc warriors
  A necrophage (D:5)
  5 centaurs
  6 ogres
  3 wolves (Lair:8)
  13 crocodiles
  2 big kobolds
  A gnoll sergeant (D:9)
  16 giant frogs
  A water moccasin skeleton (D:7)
  7 scorpions
  32 killer bees
  2 electric eels (Lair:1)
  3 crimson imps
  A giant frog zombie (D:10)
  A quasit (D:9)
  2 centaur zombies (Ossuary)
  5 hounds
  15 jellies
  10 orc priests
  10 orc wizards
  3 human zombies (Ossuary)
  A centaur skeleton (D:9)
  8 iguanas
  A giant frog skeleton (D:8)
  Natasha (D:4)
  28 worker ants
  Terence (D:2)
  A killer bee zombie (D:7)
  4 sheep (Lair:5)
  2 big kobold zombies (Ossuary)
  A hound zombie (D:9)
  3 mummies
  Robin (D:4)
  15 gnolls
  8 adders
  73 river rats
  A shadow imp (D:6)
  An ooze (D:1)
  9 worms
  An adder zombie (D:5)
  2 dart slugs (D:1)
  2 giant geckos
  34 orcs
  3 ball pythons
  9 giant cockroaches
  18 goblins
  13 hobgoblins
  21 jackals
  8 kobolds
  3 quokkas
  6 bats
  9 giant newts
  11 hobgoblin zombies
  A jackal skeleton (D:4)
  A jackal zombie (Ossuary)
  14 kobold zombies (Ossuary)
  6 orc zombies (Ossuary)
  A quokka zombie (D:8)
  6 rats
  7 fungi
  3 plants
705 creatures vanquished.

Vanquished Creatures (collateral kills)
  3 yaks (Lair:2)
3 creatures vanquished.

Vanquished Creatures (others)
  The ghost of Gingerlord the Severer, a journeyman MiFi of Makhleb (Orc:2)
  A dire elephant (Lair:8)
  A hell beast (Lair:8)
  A griffon (Lair:7)
  An elephant (Lair:5)
  A spiny frog (Lair:5)
  A boulder beetle (Lair:8)
  A basilisk (Lair:3)
  2 yaks
  3 hippogriffs
  2 orc warriors (Orc:2)
  A jelly (Lair:7)
  A river rat (Lair:3)
  28 fungi
  13 plants
58 creatures vanquished.

Grand Total: 766 creatures vanquished

Notes
Turn   | Place    | Note
--------------------------------------------------------------
     0 | D:1      | shmeve the Minotaur Berserker began the quest for the Orb.
     0 | D:1      | Reached XP level 1. HP: 19/19 MP: 0/0
    49 | D:1      | Reached XP level 2. HP: 17/27 MP: 1/1
   309 | D:1      | Reached skill level 1 in Throwing
   314 | D:1      | Reached XP level 3. HP: 27/33 MP: 2/2
   499 | D:1      | Reached ** piety under Trog
   723 | D:2      | Found a shadowy altar of Dithmenos.
   725 | D:2      | Noticed Terence
   728 | D:2      | Killed Terence
   731 | D:2      | Reached XP level 4. HP: 41/41 MP: 3/3
   906 | D:2      | Found a glowing silver altar of Zin.
  1198 | D:2      | Reached XP level 5. HP: 47/47 MP: 4/4
  1443 | D:3      | Found a stormy altar of Qazlal.
  1443 | D:3      | Noticed an air elemental
  1461 | D:3      | Reached *** piety under Trog
  1462 | D:3      | Noticed a fire elemental
  1462 | D:3      | Noticed a water elemental
  1475 | D:3      | Reached skill level 5 in Fighting
  1653 | D:3      | Found a glowing drain.
  1662 | Sewer    | Entered a sewer
  1865 | Sewer    | Received a gift from Trog
  1896 | Sewer    | Reached skill level 5 in Axes
  1896 | Sewer    | Reached XP level 6. HP: 43/56 MP: 5/5
  1913 | Sewer    | Found a white marble altar of Elyvilon.
  2353 | D:4      | Noticed Natasha
  2357 | D:4      | Killed Natasha
  2700 | D:4      | Reached XP level 7. HP: 62/62 MP: 6/6
  2704 | D:4      | Noticed Robin
  2712 | D:4      | Reached **** piety under Trog
  2720 | D:4      | Killed Robin
  2970 | D:4      | Found an ancient bone altar of Kikubaaqudgha.
  3189 | D:5      | Entered Level 5 of the Dungeon
  3244 | D:5      | Found a sand-covered staircase.
  3257 | Ossuary  | Entered an ossuary
  3769 | D:5      | Reached XP level 8. HP: 71/71 MP: 7/7
  4126 | D:5      | Found a staircase to the Ecumenical Temple.
  4637 | D:6      | Found a shadowy altar of Dithmenos.
  4642 | D:6      | Noticed Sigmund
  4649 | D:6      | Killed Sigmund
  4932 | D:7      | Reached skill level 5 in Armour
  5003 | D:7      | Reached skill level 5 in Dodging
  5495 | D:7      | Reached XP level 9. HP: 77/81 MP: 8/8
  5818 | D:7      | Reached skill level 5 in Throwing
  5919 | D:7      | Found Fidd's Armour Shop.
  6013 | D:7      | Found a burning altar of Makhleb.
  6122 | D:8      | Reached ***** piety under Trog
  6154 | D:8      | Found an iron altar of Okawaru.
  6514 | D:8      | Found a radiant altar of Vehumet.
  6594 | D:8      | Found a shattered altar of Ashenzari.
  6973 | D:9      | Reached skill level 10 in Fighting
  6973 | D:9      | Reached XP level 10. HP: 87/93 MP: 9/9
  7017 | D:9      | Received a gift from Trog
  7085 | D:9      | Reached skill level 10 in Axes
  7377 | D:9      | Found a shimmering altar of Xom.
  7722 | D:9      | Noticed Erolcha
  7731 | D:9      | Killed Erolcha
  7933 | D:9      | Found a staircase to the Orcish Mines.
  8127 | D:10     | Entered Level 10 of the Dungeon
  8234 | D:10     | Found a staircase to the Lair.
  8288 | D:10     | Reached XP level 11. HP: 77/102 MP: 3/10
  8315 | D:10     | Received a gift from Trog
  8725 | D:10     | Noticed shinino's ghost (novice GrFi)
  8732 | D:10     | Killed shinino's ghost
  8864 | Lair:1   | Entered Level 1 of the Lair of Beasts
  8864 | Lair:1   | Found a blossoming altar of Fedhas.
 10772 | Lair:2   | Received a gift from Trog
 10775 | Lair:2   | Noticed a queen ant
 10796 | Lair:2   | Killed a queen ant
 11275 | Lair:2   | Received a gift from Trog
 11290 | Lair:2   | Received a gift from Trog
 11564 | Lair:2   | Reached XP level 12. HP: 105/113 MP: 11/11
 11811 | Lair:2   | Noticed Sonja
 11815 | Lair:2   | Killed Sonja
 12595 | Lair:3   | Found a staircase to the Swamp.
 13011 | Lair:3   | Received a gift from Trog
 13943 | Lair:3   | Noticed a six-headed hydra
 13949 | Lair:3   | Killed a six-headed hydra
 14192 | Lair:4   | Reached skill level 10 in Armour
 14336 | Lair:4   | Noticed a death yak
 14337 | Lair:4   | Noticed a death yak
 14342 | Lair:4   | Killed a death yak
 14347 | Lair:4   | Killed a death yak
 14347 | Lair:4   | Reached XP level 13. HP: 77/124 MP: 12/12
 14542 | Lair:4   | Found a labyrinth entrance.
 14553 | Lab      | Entered a labyrinth
 15584 | Lab      | Noticed a minotaur
 15591 | Lab      | Killed a minotaur
 15682 | Lair:4   | Found a burning altar of Makhleb.
 16438 | Lair:5   | Noticed Nessos
 16454 | Lair:5   | HP: 6/125 [Nessos/arrow (1)]
 16456 | Lair:5   | HP: 2/125 [poisoned by Nessos]
 16827 | Lair:5   | Found a hole to the Spider Nest.
 16843 | Lair:5   | Received a gift from Trog
 16989 | Lair:5   | Reached skill level 10 in Dodging
 17488 | Lair:5   | Received a gift from Trog
 17509 | Lair:5   | Received a gift from Trog
 17706 | Lair:5   | Killed Nessos
 17992 | Lair:5   | Received a gift from Trog
 18938 | Lair:6   | Reached skill level 15 in Fighting
 18938 | Lair:6   | Reached skill level 15 in Axes
 19480 | Lair:7   | Found a staircase to the Slime Pits.
 20046 | Lair:7   | Reached XP level 14. HP: 123/135 MP: 13/13
 20110 | Lair:7   | Received a gift from Trog
 20505 | Lair:8   | Entered Level 8 of the Lair of Beasts
 20582 | Lair:8   | Received a gift from Trog
 20950 | Lair:8   | Reached skill level 10 in Throwing
 21596 | Lair:8   | Found a burning altar of Makhleb.
 22234 | Orc:1    | Entered Level 1 of the Orcish Mines
 22259 | Orc:1    | Found Naqub's Book Emporium.
 22262 | Orc:1    | Received a gift from Trog
 22379 | Orc:2    | Entered Level 2 of the Orcish Mines
 22380 | Orc:2    | Found Cousigoe's Book Shop.
 22401 | Orc:2    | Noticed SillyWilly's ghost (journeyman DsAs)
 22411 | Orc:2    | Killed SillyWilly's ghost
 22700 | Orc:2    | Noticed Gingerlord's ghost (journeyman MiFi)
 22711 | Orc:2    | Banished Gingerlord's ghost
 22728 | Orc:2    | Found a staircase to the Elven Halls.
 22752 | Orc:2    | HP: 2/205 [orc knight/long sword (11)]
 22753 | Orc:2    | Slain by an orc warrior

Skill      XL: |  1  2  3  4  5  6  7  8  9 10 11 12 13 14 |
---------------+-------------------------------------------+-----
Fighting       | 4 5 6 8 10 11 12 14 15 16 | 16.2
Throwing       | 1 2 3 4 5 6 7 8 9 10 | 10.3
Axes           | 4 5 6 8 9 11 12 14 15 16 | 16.3
Armour         | 3 4 5 6 7 8 10 11 12 | 12.0
Dodging        | 3 4 5 6 7 8 9 10 11 | 11.2

Action                   |  1- 3 |  4- 6 |  7- 9 | 10-12 | 13-15 || total
-------------------------+-------+-------+-------+-------+-------++-------
Melee: Hand axe          |    52 |   161 |   407 |     9 |       ||   629
       Headbutt          |     4 |    28 |    77 |   100 |    94 ||   303
       War axe           |       |       |       |   329 |       ||   329
       Executioner's axe |       |       |       |   156 |   441 ||   597
Throw: Tomahawk          |       |     4 |       |       |       ||     4
       Javelin           |       |    30 |    30 |   115 |   111 ||   286
Invok: Berserk           |     1 |     1 |     6 |     8 |     9 ||    25
       Trog's Hand       |       |     1 |     2 |     7 |     4 ||    14
       Burn Spellbooks   |       |       |     1 |     3 |     3 ||     7
       Brothers in Arms  |       |       |       |     1 |     1 ||     2
  Use: Scroll            |       |       |       |       |    28 ||    28
       Potion            |       |       |       |       |     2 ||     2
  Eat: Chunk             |       |     8 |    23 |    47 |    40 ||   118
       Fruit             |       |       |     4 |     6 |       ||    10
       Beef jerky        |       |       |     2 |       |       ||     2
Armor: Animal skin       |     1 |       |       |       |       ||     1
       Scale mail        |    16 |    83 |       |       |       ||    99
       Chain mail        |       |       |   104 |       |       ||   104
       Plate armour      |       |       |   174 |   384 |   438 ||   996
Dodge: Dodged            |    41 |   108 |   184 |   293 |   351 ||   977
